 Dungeon Crawl Stone Soup version 0.23.0-3-gf3c87f2 (webtiles) character file.

Game seed: 488603750295201715

23 Scud the Caller (level 3, 0/19 HPs)
             Began as a Kobold Summoner on Feb 22, 2019.
             Was an Initiate of Ru.
             Succumbed to an adder's poison
             ... on level 2 of the Dungeon.
             The game lasted 00:09:59 (878 turns).

Scud the Caller (Kobold Summoner)                    Turns: 878, Time: 00:09:59

Health: 0/19       AC:  2    Str:  5    XL:     3   Next: 12%
Magic:  2/6        EV: 15    Int: 22    God:    Ru [......]
Gold:   48         SH:  0    Dex: 15    Spells: 5/6 levels left

rFire    + . .     SeeInvis .   g - +0 whip
rCold    + . .     Gourm    .   (shield restricted)
rNeg     . . .     Faith    .   a - +0 robe
rPois    +         Spirit   .   (no helmet)
rElec    +         Reflect  .   (no cloak)
rCorr    +         Harm     .   (no gloves)
MR       .....                  (no boots)
Stlth    ++........             (no amulet)
HPRegen  0.06/turn              (no ring)
MPRegen  0.10/turn              (no ring)

@: brilliant, lethally poisoned (0 -> -3), resistant, very slightly
contaminated, invisible
A: small, carnivore
a: Renounce Religion


You were on level 2 of the Dungeon.
You worshipped Ru.
Ru was noncommittal.
You were completely stuffed.

You visited 1 branch of the dungeon, and saw 2 of its levels.

You collected 48 gold pieces.

Inventory:

Hand Weapons
 g - a +0 whip (weapon)
Armour
 a - a +0 robe (worn)
Jewellery
 j - a cursed amulet of inaccuracy {unknown}
Scrolls
 d - 2 scrolls of identify
 e - a scroll of teleportation {unknown}
Potions
 b - a potion of resistance
 f - a potion of haste
Comestibles
 c - 2 rations


   Skills:
 - Level 2.4 Dodging
 - Level 2.6 Stealth
 - Level 0.2 Unarmed Combat
 + Level 2.4 Spellcasting
 * Level 4.7 Summonings


You had 5 spell levels left.
You knew the following spells:

 Your Spells              Type           Power        Failure   Level  Hunger
a - Summon Small Mammal   Summ           ####         1%          1    None

Your spell library contained the following spells:

 Spells                   Type           Power        Failure   Level  Hunger
 Call Imp                 Summ           #####...     1%          2    ##.....
 Call Canine Familiar     Summ           #####...     1%          3    ###....
 Summon Guardian Golem    Hex/Summ       ####....     1%          3    ###....
 Summon Ice Beast         Ice/Summ       ####....     6%          4    ####...
 Summon Lightning Spire   Summ/Air       ####....     6%          4    ####...


Dungeon Overview and Level Annotations

Branches:
Dungeon (1/15)

Altars:
Ru


Innate Abilities, Weirdness & Mutations

You are small and have problems with some larger weapons.
You are carnivorous and can eat meat at any time.


Message History

Your experience leads to an increase in your attributes!
Increase (S)trength, (I)ntelligence, or (D)exterity?
You feel clever.
There is a lethal amount of poison in your body!
You see here an adder corpse.
You butcher the adder corpse.
Your quokka disappears in a puff of smoke!
Things that are here:
2 chunks of flesh; an adder skeleton
There is a lethal amount of poison in your body!
You feel protected.
* * * LOW HITPOINT WARNING * * *
You feel sick.
It was a potion of brilliance.
You feel clever all of a sudden.
It was a potion of invisibility.
You fade into invisibility!
You are very lightly contaminated with residual magic.
There is a lethal amount of poison in your body!
You die...

......#..## #........ .....#...
#.####### ....#..####.###
..............#
####............#
...............##
##.............###
#.bb....#####...
#..@.^..#####.###
#.......##....# . .
#.#...####....## .. ..
#.#.#...##.....###.# ...
#.#.###......_......
....########.#.####.###.....##.
.............#(..b..# ##....###
.............######.# #....##.
...............brr..####.#####.


You could see 2 friendly bats.

Vanquished Creatures
  A kobold (D:1)
1 creature vanquished.

Vanquished Creatures (collateral kills)
  An adder (D:2)
  2 dart slugs (D:1)
  4 bats (D:1)
  3 giant cockroaches (D:1)
  2 goblins (D:1)
  5 hobgoblins
  3 kobolds
  4 frilled lizards
  A rat (D:1)
25 creatures vanquished.

Grand Total: 26 creatures vanquished

Notes
Turn   | Place    | Note
-------+----------+-------------------------------------------
     0 | D:1      | Scud the Kobold Summoner began the quest for the Orb.
     0 | D:1      | Reached XP level 1. HP: 10/10 MP: 3/3
   222 | D:1      | Reached XP level 2. HP: 5/15 MP: 0/5
   720 | D:1      | You fall through a shaft!
   745 | D:2      | Found a sacrificial altar of Ru.
   755 | D:2      | Became a worshipper of Ru the Awakened
   871 | D:2      | Reached XP level 3. HP: 2/19 MP: 1/6
   878 | D:2      | Succumbed to an adder's poison

Action                   || total
-------------------------++-------
Melee: Unarmed           ||    13
       Whip              ||     5
 Cast: Summon Small Mamm ||    52
  Use: Scroll            ||     4
       Potion            ||     4
 Stab: Sleeping          ||     2
  Eat: Chunk             ||     9
Armor: Robe              ||    10
Dodge: Dodged            ||    51
